 Dungeon Crawl Stone Soup version 0.31.0-32-g396128a36d (webtiles) character file.

Game seed: 17470981663805510103

2768 Peloso the Carver (level 9, -11/78 HPs)
             Began as a Minotaur Fighter on Mar 29, 2024.
             Mangled by an ogre
             ... wielding a +0 glaive
              (20 damage)
             ... in a bailey.
             The game lasted 00:09:05 (6362 turns).

Peloso the Carver (Minotaur Fighter)                Turns: 6362, Time: 00:09:06

Health: -11/78     AC: 12    Str: 20    XL:     9   Next: 42%
Magic:  8/8        EV: 10    Int:  5    God:
Gold:   212        SH: 13    Dex: 27    Spells: 8/8 levels left

rFire   . . .        a - +0 long sword (protect)
rCold   . . .        d - +0 kite shield
rNeg    . . .        b - +0 chain mail
rPois   .            (helmet restricted)
rElec   .            (no cloak)
rCorr   .            (no gloves)
SInv    .            m - +0 pair of boots
Will    .....        (no amulet) Stlth
                     y - +6 ring of dexterity
HPRegen 0.33/turn    v - +6 ring of dexterity
MPRegen 0.11/turn

%: no passive effects
@: no status effects
A: horns 2, retaliatory headbutt
a: no special abilities


You were in a bailey.
You visited 1 branch of the dungeon, and saw 7 of its levels.
You also visited: Bailey.

You collected 262 gold pieces.
You spent 50 gold pieces at shops.

Inventory:

Hand Weapons
 a - a +0 long sword of protection (weapon)
Armour
 b - a +0 chain mail (worn)
 c - a +0 buckler
 d - a +0 kite shield (worn)
 m - a +0 pair of boots (worn)
Jewellery
 i - a ring of protection from fire
 v - a +6 ring of dexterity (right hand)
 x - an amulet of guardian spirit
 y - a +6 ring of dexterity (left hand)
Scrolls
 e - a scroll of enchant armour
 f - 5 scrolls of teleportation
 j - 2 scrolls of poison
 o - a scroll of torment {unknown}
 p - a scroll of fog {unknown}
 s - 2 scrolls of vulnerability
 u - a scroll of immolation {unknown}
 w - a scroll of enchant weapon {unknown}
Potions
 g - 4 potions of might
 h - 2 potions of mutation
 k - 3 potions of brilliance
 l - a potion of enlightenment
 n - 3 potions of curing
 q - 2 potions of heal wounds
 r - a potion of invisibility {unknown}
 t - a potion of degeneration {unknown}
 z - a potion of lignification {unknown}


   Skills:
 + Level 6.7 Fighting
 + Level 9.3 Long Blades
 + Level 8.6 Armour
 + Level 4.0 Dodging
 + Level 1.2 Stealth
 + Level 7.5 Shields


You had 8 spell levels left.
You didn't know any spells.
Your spell library contained the following spells:

 Spells                   Type           Power      Damage    Failure   Level
 Apportation              Tloc           0%         N/A       100%        1
 Necrotise                Necr           0%         1d4       100%        1
 Sting                    Conj/Alch      0%         1d3       100%        1
 Summon Small Mammal      Summ           0%         N/A       100%        1
 Sublimation of Blood     Necr           0%         N/A       100%        2
 Call Canine Familiar     Summ           0%         N/A       100%        3
 Sigil of Binding         Hex            0%         N/A       100%        3
 Dimensional Bullseye     Hex/Tloc       0%         N/A       100%        4
 Petrify                  Alch/Erth      0%         N/A       100%        4
 Irradiate                Conj/Alch      0%         3d11      100%        5


Dungeon Overview and Level Annotations

Branches:
Dungeon (7/15)             Bailey (1/1)
 Temple: D:4-7

Altars:
Dithmenos
Elyvilon
Hepliaklqana
Xom

Shops:
D:3 (!(


Innate Abilities, Weirdness & Mutations

You have a pair of horns on your head.
You reflexively headbutt those who attack you in melee.


Message History

You block the ogre's attack.
You slash the ogre! Your headbutt misses the ogre.
The ogre is heavily wounded.
You block the ogre's attack.
You hit the ogre but do no damage.
The ogre is heavily wounded.
The ogre hits you from afar with a +0 halberd!
You block the ogre's attack.
You slash the ogre!
The ogre is almost dead.
The ogre barely misses you. x2; You furiously retaliate!
You headbutt the ogre.
You kill the ogre!
Things that are here:
a +0 halberd; an ogre corpse You slash the ogre!
You headbutt the ogre!
The ogre is severely wounded.
You block the ogre's attack.
You barely miss the ogre.
The ogre is severely wounded.
You block the ogre's attack.
You slash the ogre!
You kill the ogre!
Things that are here:
a +0 halberd; an ogre corpse
Things that are here:
a +0 halberd; an ogre corpse You see here a +0 halberd.
There is a gate leading back out of this place, spattered with blood here.
You see here a +0 halberd.
An ogre comes into view. It is wielding a +0 halberd.
An ogre comes into view. It is wielding a +0 glaive.
The ogre hits you from afar with a +0 glaive!!
You barely miss the ogre.
You enter the shallow water.
Moving in this stuff is going to be slow.
The ogre hits you with a +0 glaive!!
* * * LOW HITPOINT WARNING * * *
You block the ogre's attack. The ogre hits you with a +0 glaive!!
You die...

##...## #..
#.....# #..#
##.....###..#
#...∩..~~~..#
#.....)~~~..#
#.....)~~~..#
#.....)~O~..#
#...∩.O~~~..#
##....@###..#
#.....# #..♣
##...## #..
##.## #. ###


You could see 2 ogres.

Vanquished Creatures
  Pikel (D:4)
  Sigmund (D:2)
  Eustachio (D:4)
  A steam dragon (D:6)
  Menkaure (D:4)
  A water moccasin (D:5)
  2 black bears
  An ice beast (D:4)
  A sky beast (D:6)
  4 ogres (Bailey)
  A centaur (D:5)
  A phantom (D:5)
  A bullfrog (D:7)
  A gnoll sergeant (D:5)
  A hound (D:6)
  2 jellies (D:5)
  4 orc priests
  An iguana (D:5)
  A sleepcap (D:5)
  4 orc wizards (D:5)
  8 adders
  13 gnolls
  2 dart slugs (D:3)
  34 orcs
  6 ball pythons
  8 endoplasms
  2 giant cockroaches
  5 goblins
  2 hobgoblins
  A quokka (D:2)
  3 bats
  7 frilled lizards
  5 kobolds
  6 rats
133 creatures vanquished.

Notes
Turn   | Place    | Note
-------+----------+-------------------------------------------
     0 | D:1      | Peloso the Minotaur Fighter began the quest for the Orb.
     0 | D:1      | Reached XP level 1. HP: 19/19 MP: 0/0
   357 | D:1      | Found a faded altar of an unknown god.
   549 | D:1      | Reached XP level 2. HP: 27/27 MP: 1/1
  1052 | D:2      | Reached XP level 3. HP: 31/33 MP: 2/2
  1311 | D:2      | Noticed Sigmund
  1328 | D:2      | Killed Sigmund
  1329 | D:2      | Reached skill level 4 in Long Blades
  1329 | D:2      | Reached XP level 4. HP: 26/41 MP: 3/3
  1329 | D:2      | Reached XP level 5. HP: 29/47 MP: 4/4
  1428 | D:2      | Found a hazy altar of Hepliaklqana.
  1460 | D:2      | Reached skill level 1 in Dodging
  1976 | D:3      | Found Xitit's Distillery.
  1981 | D:3      | Bought a potion of enlightenment for 50 gold pieces
  2011 | D:3      | Found Suzoo's Weapon Shoppe.
  2138 | D:3      | Reached skill level 5 in Armour
  2222 | D:3      | Found Nocku's Antique Weapon Shop.
  2449 | D:3      | Reached skill level 5 in Long Blades
  2449 | D:3      | Reached XP level 6. HP: 53/53 MP: 5/5
  2698 | D:4      | Noticed Pikel
  2716 | D:4      | HP: 2/53 [Pikel/+2 whip of electrocution (12)]
  2717 | D:4      | Killed Pikel
  2718 | D:4      | Reached skill level 5 in Fighting
  2718 | D:4      | Reached skill level 6 in Long Blades
  2718 | D:4      | Reached skill level 5 in Shields
  2718 | D:4      | Reached XP level 7. HP: 3/61 MP: 6/6
  2942 | D:4      | Found a white marble altar of Elyvilon.
  3088 | D:4      | Noticed Eustachio
  3098 | D:4      | Killed Eustachio
  3271 | D:4      | Noticed Menkaure
  3285 | D:4      | Killed Menkaure
  3286 | D:4      | Reached skill level 7 in Long Blades
  3286 | D:4      | Reached XP level 8. HP: 47/69 MP: 7/7
  3918 | D:5      | Entered Level 5 of the Dungeon
  4088 | D:5      | Reached skill level 1 in Stealth
  4214 | D:5      | Reached skill level 8 in Long Blades
  4356 | D:5      | Found a shadowy altar of Dithmenos.
  4372 | D:5      | Found a shimmering altar of Xom.
  5170 | D:5      | Reached XP level 9. HP: 75/75 MP: 8/8
  6189 | D:7      | Found a flagged portal.
  6199 | Bailey   | Entered a bailey
  6322 | Bailey   | Reached skill level 9 in Long Blades
  6362 | Bailey   | Mangled by an ogre

Illustrated notes

Levels and vault maps discovered:
D:1:      dpeg_arrival_renting, layout_loops_corners,
          dreamdust_ecumenical_altar_sealed_demon
D:2:      layout_loops_ring, basic_altar, st_stairs_10, uniq_sigmund
D:3:      layout_loops_corners, serial_shops, shop, shop,
          nicolae_shop_bloodbath_and_beyond
D:4:      layout_loops_ring, mainiacjoe_overflow_alcove_4, uniq_menkaure,
          uniq_pikel, uniq_eustachio
D:5:      nicolae_cairo_tiling_large, layout_basic, grunt_temple_overflow_open,
          feat_on_display
D:6:      layout_basic, dreamdust_gnoll_farm
D:7:      statuecave_lemuel, layout_rooms, lemuel_crystal_altar,
          minmay_temple_entry_drinking_statues, enter_bailey_2
Bailey:   bailey_polearm_enchanted_keep_hellmonk, bailey

Skill      XL: |  1  2  3  4  5  6  7  8  9 |
---------------+----------------------------+-----
Fighting       | 4 5 6 |  6.7
Armour         | 4 5 6 8 |  8.6
Shields        | 4 5 6 7 |  7.5
Long Blades    | 4 5 6 7 8 9 |  9.3
Dodging        | 1 2 3 4 |  4.0
Stealth        | 1 |  1.2

Action                     |  1- 3 |  4- 6 |  7- 9 || total
---------------------------+-------+-------+-------++-------
  Melee: Long sword        |    75 |    73 |   256 ||   404
         Headbutt          |     8 |     9 |    48 ||    65
    Use: Scroll            |     6 |     3 |     1 ||    10
         Potion            |       |     3 |     1 ||     4
 Armour: Scale mail        |    53 |    39 |   158 ||   250
         Chain mail        |       |       |    18 ||    18
  Dodge: Dodged            |    30 |    17 |    88 ||   135
  Block: Buckler           |    10 |       |       ||    10
         Kite shield       |     9 |    33 |   145 ||   187
